 Dungeon Crawl Stone Soup version 0.31-a0-188-g5e087ee2ca (webtiles) character file.

Game seed: 15102042892016387255

1158 qw the Skirmisher (level 8, -4/45 HPs)
             Began as a Deep Elf Hunter on June 23, 2023.
             Was a Follower of Okawaru.
             Hit by a large rock thrown by a cyclops (21 damage)
             ... on level 6 of the Dungeon.
             The game lasted 00:02:14 (4980 turns).

qw the Skirmisher (Deep Elf Hunter)                 Turns: 4980, Time: 00:02:14

Health: -4/45      AC: 11    Str: 10    XL:     8   Next: 16%
Magic:  10/12      EV: 19    Int: 15    God:    Okawaru [*.....]
Gold:   164        SH:  0    Dex: 16    Spells: 7/7 levels left

rFire   . . .        Y - +0 shortbow (chaos)
rCold   . . .        (shield currently unavailable)
rNeg    . . .        d - +0 ring mail {rPois}
rPois   +            j - +1 helmet
rElec   .            c - +0 cloak
rCorr   .            (no gloves)
SInv    .            e - +0 pair of boots
Will    +....        (no amulet)
Stlth   +++          k - +5 ring of evasion
HPRegen 0.27/turn    (no ring)
MPRegen 0.13/turn

%: no passive effects
@: heroic
A: clumsy 1, strong-willed 1
a: Renounce Religion, Heroism


You were on level 6 of the Dungeon.
You worshipped Okawaru.
Okawaru was aware of your devotion.
You visited 2 branches of the dungeon, and saw 7 of its levels.
You also visited: Sewer.

You collected 256 gold pieces.
You spent 92 gold pieces at shops.


Innate Abilities, Weirdness & Mutations

You are clumsy. (Dex -2)
You are strong-willed. (Will+)


   Skills:
 + Level 2.8(7.8) Fighting
 - Level 12.1(17.1) Ranged Weapons
 - Level 1.0(6.0) Armour
 - Level 3.0(8.0) Dodging
 - Level 1.2(6.2) Stealth
 + Level 3.1 Invocations


You had 7 spell levels left.
You didn't know any spells.
Your spell library was empty.

Inventory:

Hand Weapons
 Y - a +0 shortbow of chaos (weapon)
Armour
 c - a +0 cloak (worn)
 d - a +0 ring mail of poison resistance (worn)
 e - a +0 pair of boots (worn)
 j - a +1 helmet (worn)
Jewellery
 k - a +5 ring of evasion (left hand)
Scrolls
 a - 2 scrolls of identify
Potions
 b - 2 potions of lignification {unknown}
 f - 2 potions of mutation
 g - 2 potions of haste
 h - a potion of magic
 i - a potion of heal wounds
 m - a potion of enlightenment

Dungeon Overview and Level Annotations

Branches:
Dungeon (6/15)             Temple (1/1) D:4           Sewer (visited)

Altars:
Ashenzari
Cheibriados
Dithmenos
Elyvilon
Gozag
Hepliaklqana
Kikubaaqudgha
Makhleb
Nemelex Xobeh
Okawaru
Qazlal
Ru
Uskayaw
Vehumet
Wu Jian
Xom
Yredelemnul
The Shining One

Shops:
D:4 [   D:5 (

Annotations:
D:2 1 runed translucent door, Crazy Yiuf
D:5 2 runed translucent doors, qw's ghost, novice GrFi


Message History

The wyvern closely misses you. x2
You shoot an arrow.
The arrow hits the wyvern but does no damage.
The wyvern is heavily wounded.
The wyvern blinks!
The wyvern barely misses you.
You shoot an arrow. The arrow hits the wyvern!
You drain the wyvern.
The wyvern is severely wounded.
The wyvern closely misses you.
You shoot an arrow. The arrow hits the wyvern.
The arrow burns the wyvern.
You kill the wyvern!
Okawaru is honoured by your kill.
Your Invocations skill increases to level 3!
Magic restored.
l - a scroll of enchant armour
Enter note:
4935 ||| READING scroll of enchant armour.
As you read the scroll of enchant armour, it crumbles to dust.
Your +0 helmet glows green for a moment.
4935 ||| ENCHANTING +0 helmet.
a - 2 scrolls of identify (gained 1)
You open the door.
There is an open door here.
A cyclops comes into view.
The cyclops shouts!
The cyclops throws a large rock.
The large rock hits you!!
Ouch! That really hurt!
Enter note:
Enter note:
Enter note:
4976 ||| FLEEEEING.
4977 ||| FLEEEEING.
4978 ||| STILL FLEEEEING.
Enter note:
Enter note: You start resting.
A cyclops is nearby!
4980 ||| INVOKING Heroism.
You gain the combat prowess of a mighty hero.
The cyclops throws a large rock.
The large rock hits you!!
You die...

#...............# ...
#...............### .
#.....##..........#
#.....##..........#
#.....##..........#
#.....##..........#
#.....##..........# #####
#.....########+######.....
#.....# #...@..........
#.....######..........C.C.
#.....#....#..............
##.........#..............
+.........'.........###..
#.........#.........#
#.........#.........#
#.........###########
#.........#


You could see a cyclops.

Vanquished Creatures
  A wyvern (D:6)
  A black bear (D:4)
  An ice beast (D:5)
  2 kobold brigands (Sewer)
  A jelly (D:5)
  2 orc priests
  3 hounds
  A gnoll bouda (D:5)
  2 orc wizards (D:5)
  Jessica (D:2)
  2 iguanas
  Robin (D:2)
  14 adders
  5 gnolls (D:5)
  A white imp (D:6)
  An ufetubus (D:5)
  A dart slug (D:2)
  16 orcs
  7 ball pythons
  9 bats
  9 endoplasms
  7 giant cockroaches
  19 goblins
  11 hobgoblins
  A jackal (D:3)
  27 kobolds
  3 quokkas
  9 frilled lizards
  9 rats
167 creatures vanquished.

Notes
Turn   | Place    | Note
-------+----------+-------------------------------------------
     0 | D:1      | qw the Deep Elf Hunter began the quest for the Orb.
     0 | D:1      | Reached XP level 1. HP: 12/12 MP: 3/3
     0 | D:1      | 0 ||| qw: Version: 0.3-a-9-g12657ce
     0 | D:1      | 0 ||| qw: Game counter: 3986
     0 | D:1      | 0 ||| qw: Always use a shield: true
     0 | D:1      | 0 ||| qw: God list: Okawaru
     0 | D:1      | 0 ||| qw: Allow faded altars: false
     0 | D:1      | 0 ||| qw: Do Orc after D:15 true
     0 | D:1      | 0 ||| qw: Do second Lair branch before Depths: true
     0 | D:1      | 0 ||| qw: Lair rune preference: random
     0 | D:1      | 0 ||| qw: Plans: Normal
     0 | D:1      | 0 ||| PLANNING D:1-11
   123 | D:1      | Reached XP level 2. HP: 16/16 MP: 4/4
   133 | D:1      | Reached skill level 6 in Ranged Weapons
   311 | D:1      | Reached XP level 3. HP: 20/20 MP: 5/5
   402 | D:1      | Found a faded altar of an unknown god.
   548 | D:1      | You fall into a shaft and drop 1 floor!
   554 | D:2      | Noticed Jessica
   561 | D:2      | Killed Jessica
   562 | D:2      | Reached skill level 7 in Ranged Weapons
   612 | D:2      | Noticed Robin
   616 | D:2      | Reached XP level 4. HP: 25/25 MP: 6/6
   622 | D:2      | Killed Robin
   649 | D:2      | 649 ||| UPGRADING to +0 scale mail.
   659 | D:2      | 659 ||| DROPPING +0 leather armour.
   660 | D:2      | 660 ||| UPGRADING to +0 helmet.
   665 | D:2      | 665 ||| READING scroll labelled ZOOCWOUPLO.
   666 | D:2      | 666 ||| READING scroll labelled FINILUD EMEIP.
   667 | D:2      | 667 ||| READING scroll labelled UGOANO VONUF.
   668 | D:2      | 668 ||| DROPPING scroll of butterflies.
   806 | D:1      | 806 ||| UPGRADING to +0 ring mail.
   816 | D:1      | 816 ||| DROPPING +0 scale mail.
  1102 | D:2      | Reached skill level 8 in Ranged Weapons
  1418 | D:2      | Found a runed translucent door.
  1419 | D:2      | Noticed Crazy Yiuf
  1594 | D:2      | 1594 ||| UPGRADING to +0 cloak.
  1599 | D:2      | 1599 ||| UPGRADING to +0 ring mail of poison resistance.
  1609 | D:2      | 1609 ||| DROPPING +0 ring mail.
  1610 | D:2      | 1610 ||| READING scroll labelled ROICSYBBUN.
  1739 | D:3      | Found a basalt altar of Yredelemnul.
  1873 | D:3      | Reached XP level 5. HP: 29/29 MP: 7/7
  1876 | D:3      | 1876 ||| FLEEEEING.
  1877 | D:3      | 1877 ||| FLEEEEING.
  1879 | D:3      | 1879 ||| FLEEEEING.
  1880 | D:3      | 1880 ||| FLEEEEING.
  1881 | D:3      | 1881 ||| FLEEEEING.
  1882 | D:3      | 1882 ||| FLEEEEING.
  1883 | D:3      | 1883 ||| FLEEEEING.
  1884 | D:3      | 1884 ||| FLEEEEING.
  1885 | D:3      | 1885 ||| FLEEEEING.
  2079 | D:3      | Reached skill level 9 in Ranged Weapons
  2544 | D:3      | 2544 ||| UPGRADING to +5 ring of evasion.
  2545 | D:3      | 2545 ||| READING scroll labelled NAMYW YNTAYDD.
  2546 | D:3      | 2546 ||| READING scroll labelled LICO BELAJ UTOVA.
  2547 | D:3      | 2547 ||| READING scroll labelled QAOTIAH OJAU.
  2548 | D:3      | 2548 ||| DRINKING 2 pink potions.
  2549 | D:3      | 2549 ||| READING 2 scrolls of identify.
  2549 | D:3      | 2549 ||| IDENTIFYING inky potion
  2702 | D:4      | Found a staircase to the Ecumenical Temple.
  2703 | D:4      | 2703 ||| PLANNING TEMPLE
  2711 | Temple   | Entered the Ecumenical Temple
  2727 | Temple   | 2727 ||| PLANNING OKAWARU WORSHIP
  2828 | Temple   | Became a worshipper of Warmaster Okawaru
  2829 | Temple   | 2829 ||| PLANNING D:1-11
  2921 | D:4      | Reached skill level 1 in Armour
  2928 | D:4      | Found a broken altar of Ashenzari.
  2981 | D:4      | Reached XP level 6. HP: 34/35 MP: 8/8
  3099 | D:4      | Found Duipt's Antique Armour Boutique.
  3107 | D:4      | 3107 ||| BUYING runed robe (92 gold).
  3107 | D:4      | Bought a runed robe for 92 gold pieces
  3335 | D:4      | Reached * piety under Okawaru
  3336 | D:4      | Reached skill level 10 in Ranged Weapons
  3622 | D:4      | 3622 ||| DROPPING +1 robe of positive energy.
  3623 | D:4      | 3623 ||| READING scroll labelled PYCIFE SUIDDYCW.
  3647 | D:5      | Entered Level 5 of the Dungeon
  3648 | D:5      | 3648 ||| PLANNING SEWER
  3698 | D:5      | 3698 ||| INVOKING Heroism.
  3704 | D:5      | Reached skill level 3 in Dodging
  3769 | D:5      | Found a glowing drain.
  3770 | D:5      | 3770 ||| READING 2 scrolls labelled DAORUT SITO.
  3771 | D:5      | 3771 ||| DRINKING 2 bubbling brown potions.
  3771 | D:5      | Gained mutation: You are strong-willed. (Will+) [potion of
                  | mutation]
  3771 | D:5      | Gained mutation: You are clumsy. (Dex -2) [potion of
                  | mutation]
  3772 | D:5      | 3772 ||| DROPPING scroll of poison.
  3805 | D:5      | Reached XP level 7. HP: 40/40 MP: 9/9
  3812 | Sewer    | Entered a sewer
  3853 | Sewer    | 3853 ||| INVOKING Heroism.
  3944 | Sewer    | 3944 ||| READING scroll of brand weapon.
  3944 | Sewer    | 3944 ||| BRANDING +0 shortbow of flaming.
  4025 | Sewer    | 4025 ||| Stepping ~*~*~tactically~*~*~ (water).
  4039 | Sewer    | 4039 ||| Stepping ~*~*~tactically~*~*~ (outnumbered).
  4048 | Sewer    | HP: 10/40 [kobold/+0 club (2)]
  4049 | Sewer    | 4049 ||| DRINKING potion of heal wounds.
  4054 | Sewer    | Reached skill level 11 in Ranged Weapons
  4054 | Sewer    | 4054 ||| INVOKING Heroism.
  4186 | Sewer    | 4186 ||| DRINKING 2 fizzy grey potions.
  4187 | Sewer    | 4187 ||| DRINKING 2 bubbling silvery potions.
  4188 | Sewer    | 4188 ||| DROPPING potion of invisibility.
  4203 | D:5      | 4203 ||| PLANNING D:1-11
  4228 | D:5      | HP: 10/40 [orc priest/+0 flail (5)]
  4229 | D:5      | 4229 ||| DRINKING 2 potions of heal wounds.
  4232 | D:5      | 4232 ||| DRINKING potion of heal wounds.
  4237 | D:5      | 4237 ||| INVOKING Heroism.
  4254 | D:5      | 4254 ||| FLEEEEING.
  4255 | D:5      | 4255 ||| FLEEEEING.
  4265 | D:5      | 4265 ||| STAIRDANCE
  4319 | D:4      | 4319 ||| READING scroll labelled GEINUI VIETT.
  4340 | D:5      | Identified the +10 whip "Zuaterae" {flame, *Noise Str+5}
  4341 | D:5      | Found a hazy altar of Hepliaklqana.
  4357 | D:5      | Found Jeplih's Weapon Boutique.
  4369 | D:5      | Reached skill level 1 in Invocations
  4370 | D:5      | Found a stormy altar of Qazlal.
  4372 | D:5      | 4372 ||| INVOKING Heroism.
  4395 | D:5      | Found a runed translucent door.
  4398 | D:5      | 4398 ||| Stepping ~*~*~tactically~*~*~ (outnumbered).
  4403 | D:5      | 4403 ||| Stepping ~*~*~tactically~*~*~ (outnumbered).
  4415 | D:5      | 4415 ||| FLEEEEING.
  4417 | D:5      | Noticed qw's ghost (novice GrFi)
  4693 | D:5      | Reached skill level 12 in Ranged Weapons
  4706 | D:5      | Found a runed translucent door.
  4775 | D:5      | 4775 ||| UPGRADING to +0 pair of boots.
  4780 | D:5      | 4780 ||| READING scroll labelled VITRUIMIYLL.
  4781 | D:5      | 4781 ||| READING 3 scrolls of identify.
  4781 | D:5      | 4781 ||| IDENTIFYING metallic grey potion
  4782 | D:5      | 4782 ||| READING 2 scrolls of identify.
  4782 | D:5      | 4782 ||| IDENTIFYING lumpy blue potion
  4783 | D:5      | 4783 ||| DROPPING potion of berserk rage.
  4808 | D:6      | Reached XP level 8. HP: 44/44 MP: 11/11
  4924 | D:6      | Reached skill level 3 in Invocations
  4935 | D:6      | 4935 ||| READING scroll of enchant armour.
  4935 | D:6      | 4935 ||| ENCHANTING +0 helmet.
  4975 | D:6      | Noticed a cyclops
  4976 | D:6      | 4976 ||| FLEEEEING.
  4977 | D:6      | 4977 ||| FLEEEEING.
  4980 | D:6      | 4980 ||| INVOKING Heroism.
  4980 | D:6      | Hit by a large rock thrown by a cyclops

Levels and vault maps discovered:
D:1:      roderic_crossed_star, layout_basic, serial_forest,
          infiniplex_forest_lined_4_way, infiniplex_forest_straight_4,
          infiniplex_forest_clump_double, infiniplex_forest_clump_curved,
          infiniplex_forest_fountain, infiniplex_forest_straight_1,
          basic_ecumenical_altar, minmay_misc_feat_pillars
D:2:      layout_loops_ring, chequers_garden,
          hangedman_abyss_or_decor_lesser_grid, minivault_23,
          kennysheep_generic_room_9, uniq_jessica, uniq_robin,
          uniq_crazy_yiuf_cottage
D:3:      layout_loops_corners, mainiacjoe_overflow_six_doors_small, st_stairs_5
D:4:      layout_basic, evilmike_ruin_ashenzari,
          minmay_temple_entry_gardened_gates, serial_shops, shop,
          grunt_ministairs_12, minmay_misc_feat_diagonals,
          minmay_misc_feat_enclosed
D:5:      layout_rooms, grunt_qazlal_sundering, mainiacjoe_overflow_brackets,
          serial_shops, shop, ebering_ghost_sewer_f, gup_sewer_entry_glass
D:6:      layout_basic, trog_book, serial_glass, glass_columns_c,
          glass_columns_a, uniq_grinder, uniq_prince_ribbit1
Temple:   nicolae_temple_superstar

Skill      XL: |  1  2  3  4  5  6  7  8 |
---------------+-------------------------+-----
Ranged Weapons | 6 7 8 9 10 12 | 12.1
Fighting       | 2 |  2.8
Armour         | 1 |  1.0
Dodging        | 3 |  3.0
Invocations    | 2 3 |  3.1
Stealth        | |  1.2

Action                     |  1- 3 |  4- 6 |  7- 9 || total
---------------------------+-------+-------+-------++-------
   Fire: Shortbow          |    79 |   245 |   168 ||   492
 Invoke: Heroism           |       |     1 |     5 ||     6
    Use: Scroll            |       |    10 |     6 ||    16
         Potion            |       |     2 |     5 ||     7
 Armour: Leather armour    |     4 |     3 |       ||     7
         Ring mail         |       |    41 |    24 ||    65
  Dodge: Dodged            |     8 |   101 |    99 ||   208

Table legend:
 A = Non-vault XP
 B = Vault XP
 C = Vault XP percentage of total XP
 D = Non-vault monster count
 E = Vault monster count
 F = Vault count percentage of total count
                 A         B        C        D         E       F
            +---------+---------+-------+---------+---------+-------
      Total |    1292 |     363 |  21.9 |     112 |      55 |  32.9
            +---------+---------+-------+---------+---------+-------
        D:1 |      43 |       0 |   0.0 |      26 |       0 |   0.0
        D:2 |      52 |      76 |  59.4 |      15 |      14 |  48.3
        D:3 |     105 |       6 |   5.4 |      23 |       3 |  11.5
        D:4 |     304 |      15 |   4.7 |      16 |       2 |  11.1
        D:5 |     551 |      19 |   3.3 |      29 |       4 |  12.1
        D:6 |     237 |       0 |   0.0 |       3 |       0 |   0.0
      Sewer |       0 |     247 | 100.0 |       0 |      32 | 100.0
            +---------+---------+-------+---------+---------+-------
